 Dungeon Crawl Stone Soup version 0.16-a0-3920-g0a6a257 (webtiles) character file.

25 Johnny the Ogre Mage (level 3, 0/33 HPs)
             Began as an Ogre Wizard on Feb 4, 2015.
             Slain by a jackal (2 damage)
             ... on level 1 of the Dungeon.
             The game lasted 00:01:46 (1026 turns).

Johnny the Ogre Mage (Ogre Wizard)                  Turns: 1026, Time: 00:01:46

Health: 0/33       AC:  3    Str: 12    XL:     3   Next: 6%
Magic:  3/8        EV: 10    Int: 17    God:
Gold:   18         SH:  0    Dex:  9    Spells: 1 memorised, 8 levels left

rFire  . . .     SeeInvis .     f - +2 mace (holy)
rCold  . . .     Clarity  .     a - +0 robe
rNeg   . . .     SustAb   .     (shield restricted)
rPois  .         Gourm    .     b - +0 hat
rElec  .         Spirit   .     (no cloak)
rCorr  .         Warding  .     (gloves unavailable)
rMut   .         Stasis   .     (boots unavailable)
MR     .....                    (no amulet)
Stlth  +.........               (no ring)
                                (no ring)

@: not resistant to hostile enchantments, very unstealthy
A: unfitting armour, tough skin 1
a: no special abilities


You were on level 1 of the Dungeon.
You were not hungry.

You visited 1 branch of the dungeon, and saw 1 of its levels.

You collected 18 gold pieces.

Inventory:

Hand weapons
 f - a +2 mace of holy wrath (weapon)
Missiles
 g - 66 stones (quivered)
Armour
 a - a +0 robe (worn)
 b - a +0 hat (worn)
Scrolls
 h - a scroll of recharging {unknown}
 i - 2 scrolls of identify {unknown}
Potions
 e - a potion of cancellation {unknown}
Books
 c - a book of Minor Magic

   Spells                             Type                      Level
   a - Magic Dart                     Conjuration                  1
   b - Blink                          Translocation                2
   c - Call Imp                       Summoning                    2
   d - Repel Missiles                 Charms/Air                   2
   e - Slow                           Hexes                        2
   f - Conjure Flame                  Conjuration/Fire             3
   g - Mephitic Cloud                 Conjuration/Poison/Air       3
Comestibles
 d - a meat ration


   Skills:
 * Level 1.5 Fighting
 + Level 1.1 Maces & Flails
 + Level 0.4 Throwing
 + Level 0.1 Armour
 * Level 2.4 Dodging
 - Level 1.5 Stealth
 - Level 3.6 Spellcasting
 - Level 0.6 Conjurations
   Level 0.6 Summonings
   Level 0.6 Translocations


You had 8 spell levels left.
You knew the following spells:

 Your Spells              Type           Power        Failure   Level  Hunger
a - Magic Dart            Conj           #...         14%         1    None


Dungeon Overview and Level Annotations

Branches:
Dungeon (1/15)

Altars:


Innate Abilities, Weirdness & Mutations

You are too large for most types of armour.
You have tough skin (AC +1).


Message History

Confirm with . or Enter, or press ? or * to list all spells.
Aiming: Magic Dart
Press: ? - help, Shift-Dir - straight line, f/p - jackal
Aim: a jackal (almost dead)
The magic dart hits the jackal.
You kill the jackal!
The jackal bites you.
* * * LOW HITPOINT WARNING * * *
Unknown command.
Unknown command.
Unknown command.
Casting: Magic Dart
Confirm with . or Enter, or press ? or * to list all spells.
Aiming: Magic Dart
Press: ? - help, Shift-Dir - straight line, f - jackal
Aim: a jackal The magic dart hits the jackal.
The jackal is lightly wounded.
The jackal bites you.
You die...

..#.......#PP.....PPP#PP ####....
.........##♣PP...PP### #..'....
.........# ♣♣♣♣♣##♣♣ ####..#....
.........# ##### ###..........
.........# ###.#.###.##.######..
.........# #..............# #..
.........# #.#.#.####.#.#.# #..
......##.####.#+#+#......#.####..
......'.....#.[.@†...#.#.#.#.....
......##....#....h...#...#.#.....
......##....#........##..#.#.....
.÷....##.............[...#.#.....
......##...############..#.##.#..
......##...#.......#.............
.#######...+.>.>.>.+.###.#....#..
.# #...#.......#.# #.#....... .#
#...#########.# #........#


You could see a jackal.

Vanquished Creatures
  A bat (D:1)
  6 hobgoblins (D:1)
  2 jackals (D:1)
  7 kobolds (D:1)
  A giant cockroach (D:1)
  A giant gecko (D:1)
  A giant newt (D:1)
  3 goblins (D:1)
  2 rats (D:1)
24 creatures vanquished.

Notes
Turn   | Place    | Note
--------------------------------------------------------------
     0 | D:1      | Johnny, the Ogre Wizard, began the quest for the Orb.
     0 | D:1      | Reached XP level 1. HP: 16/16 MP: 4/4
   467 | D:1      | Reached XP level 2. HP: 26/26 MP: 6/6
   713 | D:1      | Reached skill level 1 in Fighting
   734 | D:1      | Reached skill level 1 in Maces & Flails
  1015 | D:1      | Reached XP level 3. HP: 28/33 MP: 8/8
  1026 | D:1      | Slain by a jackal

Action                   || total
-------------------------++-------
Melee: Unarmed           ||    15
       Mace              ||    55
Throw: Stone             ||     3
 Cast: Magic Dart        ||     6
